 Dungeon Crawl Stone Soup version bcrawl-1.21.2-1-g32d02e0829 (webtiles) character file.

Game seed: 9452527254282246094

218 Mrkan the Covered (level 5, -1/47 HPs)
             Began as a Minotaur Fighter on Feb 24, 2020.
             Was an Initiate of Ashenzari.
             Killed from afar by Dowan (13 damage)
             ... with a stone arrow
             ... on level 4 of the Dungeon.
             The game lasted 00:03:55 (2860 turns).

Mrkan the Covered (Minotaur Fighter)                Turns: 2860, Time: 00:03:55

Health: -1/47      AC: 15    Str: 22    XL:     5   Next: 63%
Magic:  4/4        EV:  8    Int:  5    God:    Ashenzari [......]
Gold:   158        SH:  9    Dex:  9    Spells: 4/4 levels left

rFire    . . .     SeeInvis .   d - +6 mace (protect) (curse)
rCold    + . .     Gourm    .   c - +0 shield (curse)
rNeg     . . .     Faith    .   b - +0 scale mail
rPois    .         Spirit   .   (helmet restricted)
rElec    .         Reflect  .   (no cloak)
rCorr    .         Harm     .   (no gloves)
MR       .....                  t - +0 pair of boots
Stlth    ..........             (no amulet)
HPRegen  0.15/turn              l - ring of protection from cold
MPRegen  0.09/turn              (no ring)

@: lethally poisoned (-1 -> -3), protection aura
A: retaliatory headbutt, horns 2
a: Curse Item, Renounce Religion


You were on level 4 of the Dungeon.
You worshipped Ashenzari.
Ashenzari was noncommittal.
You were not hungry.

You visited 2 branches of the dungeon, and saw 5 of its levels.

You collected 158 gold pieces.

Inventory:

Hand Weapons
 a - a +0 war axe
 d - a cursed +6 mace of protection (weapon)
Armour
 b - a +0 scale mail (worn)
 c - a cursed +0 shield (worn)
 t - a +0 pair of boots (worn)
Jewellery
 l - a ring of protection from cold (left hand)
 n - an uncursed ring of ice
Scrolls
 f - 6 scrolls of remove curse {unknown}
 g - a scroll of magic mapping {unknown}
 h - a scroll of fear {unknown}
 i - 2 scrolls of amnesia {unknown}
 k - 7 scrolls of identify {unknown}
 o - a scroll of blinking {unknown}
 p - a scroll of enchant weapon {unknown}
 r - 2 scrolls of teleportation {unknown}
Potions
 j - a potion of curing {unknown}
 m - a potion of lignification {unknown}
 q - 2 potions of berserk rage {unknown}
Comestibles
 e - 3 rations {!d}


   Skills:
 + Level 4.5 Fighting
 - Level 3.4(4.0) Axes
 * Level 2.8(3.6) Maces & Flails
 + Level 4.5 Armour
 + Level 2.2 Dodging
 + Level 4.4 Shields


You had 4 spell levels left.
You didn't know any spells.
Your spell library was empty.

Dungeon Overview and Level Annotations

Branches:
Dungeon (4/12)             Temple (1/1) D:4

Altars:
Ashenzari
Cheibriados
Dithmenos
Elyvilon
Fedhas
Gozag
Hepliaklqana
Kikubaaqudgha
Lugonu
Makhleb
Nemelex Xobeh
Okawaru
Qazlal
Ru
Sif Muna
Uskayaw
Vehumet
Wu Jian
Xom
Yredelemnul
Zin
The Shining One

Shops:
D:4 }

Annotations:
D:4 2 runed translucent doors, Dowan


Innate Abilities, Weirdness & Mutations

You reflexively headbutt those who attack you in melee.
You have a pair of horns on your head.


Message History

Dowan closely misses you.
The quokka bites you but does no damage.
Dowan gestures at you while chanting. The stone arrow misses you.
The quokka barely misses you. You furiously retaliate!
You headbutt the quokka.
You kill the quokka!
You barely miss Dowan. Your headbutt misses Dowan.
Dowan is severely wounded.
You feel sick.
Dowan points at you and mumbles some strange words.
The stone arrow hits you! Dowan hits you but does no damage.
You closely miss Dowan.
Dowan is severely wounded.
You feel sick. Dowan casts a spell at you. The stone arrow hits you!
* * * LOW HITPOINT WARNING * * *
Dowan points at you and mumbles some strange words.
The stone arrow hits you!
You die...

#...............
#...............
#....>..........
#......##......
##....#######..
##.#.## ###
#####..###
#####...#)##
#....!@†..#
........e..(#
..............#
..............%#
...............#
...............#
...............#
#..............#


You could see Dowan.

Vanquished Creatures
  Duvessa (D:4)
  Robin (D:2)
  A gnoll (D:4)
  3 adders
  An ooze (D:2)
  2 dart slugs (D:2)
  A worm (D:2)
  4 leopard geckos
  An orc (D:4)
  A giant cockroach (D:2)
  3 goblins
  7 hobgoblins
  7 jackals
  2 quokkas
  A ball python (D:1)
  6 bats
  A frilled lizard (D:2)
  5 kobolds
  A leopard gecko skeleton (D:4)
  3 rats
52 creatures vanquished.

Notes
Turn   | Place    | Note
-------+----------+-------------------------------------------
     0 | D:1      | Mrkan the Minotaur Fighter began the quest for the Orb.
     0 | D:1      | Reached XP level 1. HP: 19/19 MP: 0/0
   293 | D:1      | Reached XP level 2. HP: 26/27 MP: 1/1
   909 | D:2      | Reached skill level 1 in Dodging
   951 | D:2      | Reached XP level 3. HP: 33/33 MP: 2/2
  1059 | D:2      | Noticed Robin
  1077 | D:2      | Killed Robin
  1809 | D:3      | Reached XP level 4. HP: 40/40 MP: 3/3
  1858 | D:3      | Reached skill level 1 in Maces & Flails
  2243 | D:4      | Found a runed translucent door.
  2245 | D:4      | Found a staircase to the Ecumenical Temple.
  2269 | Temple   | Entered the Ecumenical Temple
  2288 | Temple   | Became a worshipper of Ashenzari the Shackled
  2534 | D:4      | Found a runed translucent door.
  2568 | D:4      | Found an iron altar of Okawaru.
  2805 | D:4      | Found Ecricukh's Gadget Shoppe.
  2843 | D:4      | Noticed Duvessa
  2843 | D:4      | Noticed Dowan
  2852 | D:4      | Killed Duvessa
  2852 | D:4      | Reached XP level 5. HP: 40/47 MP: 4/4
  2860 | D:4      | Killed from afar by Dowan

Skill      XL: |  1  2  3  4 |
---------------+-------------+-----
Axes           | 3 |  3.4
Dodging        | 1 2 |  2.2
Fighting       | 4 |  4.5
Armour         | 4 |  4.5
Shields        | 4 |  4.4
Maces & Flails | 2 |  2.8

Action                   |  1- 3 |  4- 6 || total
-------------------------+-------+-------++-------
Melee: War axe           |    64 |       ||    64
       Headbutt          |     8 |     6 ||    14
       Mace              |    19 |    38 ||    57
Invok: Curse Item        |       |     2 ||     2
  Use: Potion            |     1 |       ||     1
  Eat: Chunk             |     3 |     3 ||     6
Armor: Scale mail        |    34 |    25 ||    59
Dodge: Dodged            |    25 |    23 ||    48
Block: Shield            |    55 |    33 ||    88
